AoeStats
← Marbas

Runestones

507737445Analyzed
1v1 RM · 12d ago on Sep 19, 2026· 72m 36s· 2 players
Game mode
Random Map
Map size
Tiny (2 player)
Population
200
Speed
Normal
Resources
Standard
Victory
Conquest
Starting age
Dark Age
Ending age
Imperial Age
RankedLock teamsTeams togetherTeam positionsShared explorationLock speedFull tech treeHidden civsTurbo modeCheats
Victory
Defeat
🇷🇺 Khitans · Russia
1812
+16
🇦🇷 Mongols · Argentina
1807
-16
FJL
5:39 Loom
5:45 Loom
8:25 Feudal Age
9:20 Double-Bit Axe
20:51 Castle Age
19:08 Horse Collar
20:12 Bloodlines
20:31 Scale Barding Armor
21:58 Wheelbarrow
22:34 Husbandry
25:52 Forging
26:45 Chain Barding Armor
27:50 Bow Saw
31:28 Heavy Plow
32:07 Gold Mining
32:07 Stone Mining
33:34 Town Watch
33:42 Stone Mining
34:30 Fletching
34:41 Padded Archer Armor
38:12 Imperial Age
37:01 Forging
38:17 Heavy Camel Rider
39:33 Iron Casting
43:20 Bodkin Arrow
44:01 Padded Archer Armor
44:02 Bracer
45:03 Blast Furnace
46:33 Chemistry
45:59 Ballistics
46:46 Conscription
46:02 Elite Mangudai
47:39 Leather Archer Armor
48:10 Light Cavalry
60:23 Hussar
60:45 Pikeman
61:26 Squires
61:27 Scale Mail Armor
63:43 Chain Mail Armor
66:35 Hand Cart
67:25 Plate Mail Armor
Marbas
6:39 Loom
8:57 Feudal Age
9:57 Double-Bit Axe
10:47 Forging
16:30 Fletching
22:34 Castle Age
23:17 Bodkin Arrow
23:34 Bow Saw
23:04 Heavy Cavalry Archer
24:20 Husbandry
24:51 Padded Archer Armor
24:50 Gold Mining
27:44 Thumb Ring
29:13 Leather Archer Armor
29:40 Wheelbarrow
31:48 Ballistics
32:01 Town Watch
32:08 Stone Mining
35:00 Hand Cart
38:06 Imperial Age
36:03 Squires
35:57 Treadmill Crane
37:11 Scale Mail Armor
37:22 Gambesons
38:47 Bracer
39:14 Parthian Tactics
40:06 Ring Archer Armor
41:17 Chain Mail Armor
41:29 Elite Fire Lancer
44:10 Plate Mail Armor
45:11 Two-Man Saw
45:44 Iron Casting
45:33 Conscription
45:28 Masonry
45:49 Arson
47:50 Siege Engineers
48:47 Chemistry
48:15 Light Cavalry
48:46 Hussar
49:01 Elite Skirmisher
50:04 Pikeman
51:05 Scale Barding Armor
53:54 Lamellar Armor
55:14 Chain Barding Armor
57:15 Plate Barding Armor
59:12 Fortified Wall
61:29 Ordo Cavalry
Connection lost

Rejoining the realm…

Still unreachable

The connection could not be restored.

Session expired

The server has moved on; the page needs a fresh start.